 Dungeon Crawl Stone Soup version 0.29.1 (webtiles) character file.

Game seed: 12702461263307971900

186 EvilAshe the Slasher (level 5, -1/41 HPs)
             Began as a Human Fighter on Sept 13, 2022.
             Succumbed to a water moccasin's poison
             ... in a sewer.
             The game lasted 00:06:33 (3929 turns).

EvilAshe the Slasher (Human Fighter)                Turns: 3929, Time: 00:06:34

Health: -1/41      AC:  7    Str: 19    XL:     5   Next: 97%
Magic:  23/23      EV:  9    Int:  8    God:
Gold:   182        SH:  5    Dex: 12    Spells: 4/4 levels left

rFire   . . .      SeeInvis +   a - +1 long sword
rCold   . . .      Faith    .   c - +0 buckler
rNeg    . . .      Spirit   .   b - +0 scale mail
rPois   .          Reflect  .   m - +0 helmet
rElec   .          Harm     .   (no cloak)
rCorr   .          Rampage  .   (no gloves)
Will    .....                   (no boots)
Stlth   ..........              (no amulet)
HPRegen 0.13/turn               q - ring of magical power
MPRegen 0.18/turn               u - ring of magical power

@: lethally poisoned (-1 -> -14)
A: claws 1, fangs 1, see invisible, inability to drink after injury 1
a: no special abilities


You were in a sewer.
You visited 1 branch of the dungeon, and saw 4 of its levels.
You also visited: Sewer.

You collected 182 gold pieces.

Inventory:

Hand Weapons
 a - a +1 long sword (weapon)
Missiles
 f - 30 stones (quivered)
 r - 2 poisoned darts
Armour
 b - a +0 scale mail (worn)
 c - a +0 buckler (worn)
 m - a +0 helmet (worn)
Jewellery
 q - a ring of magical power (left claw)
 u - a ring of magical power (right claw)
Scrolls
 e - a scroll of identify
 g - a scroll of enchant weapon
 i - a scroll of fog {unknown}
 j - a scroll of poison {unknown}
 l - 2 scrolls of noise {unknown}
 o - a scroll of amnesia {unknown}
 s - 3 scrolls of magic mapping
 t - a scroll of vulnerability {unknown}
 v - a scroll of blinking {unknown}
 x - a scroll of enchant armour {unknown}
 y - a scroll of teleportation {unknown}
Potions
 d - a potion of flight
 h - a potion of cancellation {unknown}
 n - a potion of heal wounds {unknown}
 w - a potion of magic {unknown}


   Skills:
 - Level 3.0 Fighting
 * Level 4.8 Long Blades
 - Level 3.0 Armour
 + Level 4.2 Shields


You had 4 spell levels left.
You didn't know any spells.
Your spell library was empty.

Dungeon Overview and Level Annotations

Branches:
Dungeon (4/15)              Sewer (1/1)
 Temple: D:4-7

Altars:


Innate Abilities, Weirdness & Mutations

You have sharp fingernails.
You have very sharp teeth.
You have supernaturally acute eyesight. (SInv)
You occasionally lose the ability to drink potions when taking damage.


Message History

You are more poisoned.
The water moccasin poisons you!
You miss the water moccasin.
The water moccasin is severely wounded.
You feel very sick. You block the water moccasin's attack.
You slash the water moccasin!
The water moccasin is almost dead.
You feel very sick.
The water moccasin bites you but does no damage.
The water moccasin bites you.
You barely miss the water moccasin.
The water moccasin is almost dead.
You feel very sick. The water moccasin bites you.
You are lethally poisoned!
The water moccasin poisons you! The water moccasin barely misses you.
You barely miss the water moccasin.
The water moccasin is almost dead.
* * * LOW HITPOINT WARNING * * *
You feel very sick. The water moccasin bites you.
* * * LOW HITPOINT WARNING * * *
You are more poisoned.
The water moccasin poisons you!
You feel better. The water moccasin bites you.
You are lethally poisoned!
The water moccasin poisons you!
The water moccasin bites you but does no damage.
You hit the water moccasin.
The water moccasin is almost dead.
* * * LOW HITPOINT WARNING * * *
You feel very sick. The water moccasin bites you!
* * * LOW HITPOINT WARNING * * *
It was a potion of mutation.
You feel extremely strange.
You occasionally lose the ability to drink potions when taking damage.
Your fingernails lengthen.
Your vision sharpens.
Your teeth lengthen and sharpen.
You die...

##~.~##
#~~...#
##.~..
#..~#~..#
##..# ..##
#...# ~~.#
#..## #..#
#.S# #..#
#.@# #..#
#.~## ##.~#
#..~# #...#
##..###~.##
#...#...#
##.....##
#.....#
##...##
#...#


You could see a water moccasin.

Vanquished Creatures
  A howler monkey (D:4)
  An iguana (D:4)
  4 gnolls
  An adder (D:2)
  A worm (D:2)
  2 dart slugs
  4 orcs
  3 endoplasms (D:1)
  8 giant cockroaches
  5 hobgoblins (D:1)
  A jackal (Sewer)
  4 kobolds
  5 quokkas
  4 ball pythons
  A bat (D:1)
  3 frilled lizards
  9 goblins
  6 rats
63 creatures vanquished.

Notes
Turn   | Place    | Note
-------+----------+-------------------------------------------
     0 | D:1      | EvilAshe the Human Fighter began the quest for the Orb.
     0 | D:1      | Reached XP level 1. HP: 18/18 MP: 1/1
   108 | D:1      | Reached XP level 2. HP: 23/24 MP: 2/2
   213 | D:2      | Found a faded altar of an unknown god.
   529 | D:2      | HP: 1/24 [worm (8)]
   660 | D:1      | You fall into a shaft and drop 1 floor!
   839 | D:2      | Reached XP level 3. HP: 11/29 MP: 3/3
  1021 | D:2      | Reached XP level 4. HP: 20/35 MP: 4/4
  2758 | D:2      | Reached XP level 5. HP: 6/41 MP: 5/5
  3710 | D:4      | Found a glowing drain.
  3735 | Sewer    | Entered a sewer
  3910 | Sewer    | Noticed a water moccasin
  3928 | Sewer    | HP: 1/41 [water moccasin (7)]
  3929 | Sewer    | Gained mutation: You occasionally lose the ability to drink
                  | potions when taking damage. [potion of mutation]
  3929 | Sewer    | Gained mutation: You have sharp fingernails. [potion of
                  | mutation]
  3929 | Sewer    | Gained mutation: You have supernaturally acute eyesight.
                  | (SInv) [potion of mutation]
  3929 | Sewer    | Gained mutation: You have very sharp teeth. [potion of
                  | mutation]
  3929 | Sewer    | Succumbed to a water moccasin's poison

Illustrated notes

Levels and vault maps discovered:
D:1:      shiori_arrival_oz, layout_basic, st_stairs_14
D:2:      layout_basic, nicolae_ecumenical_oubliette, eino_tiny_chamber
D:3:      layout_basic
D:4:      layout_basic, ebering_ghost_sewer_d, gup_sewer_entry_pipe
Sewer:    sewer_the_moccasin

Skill      XL: |  1  2  3  4  5 |
---------------+----------------+-----
Long Blades    | 3 4 |  4.8
Shields        | 4 |  4.2
Fighting       | |  3.0
Armour         | |  3.0

Action                   |  1- 3 |  4- 6 || total
-------------------------+-------+-------++-------
Melee: Long sword        |    74 |   161 ||   235
Throw: Stone             |       |     1 ||     1
  Use: Potion            |       |     4 ||     4
       Scroll            |       |     3 ||     3
Armor: Scale mail        |    29 |    84 ||   113
Dodge: Dodged            |    29 |    61 ||    90
Block: Buckler           |    18 |    42 ||    60
